 Dungeon Crawl Stone Soup version 0.19.1-1-g22dce08 (webtiles) character file.

53 Alarkh the Chopper (level 3, 31/31 HPs)
             Began as a Draconian Monk on Jan 18, 2017.
             Was a Priest of Lugonu.
             Quit the game on level 2 of the Dungeon.
             The game lasted 00:01:30 (1527 turns).

Alarkh the Chopper (Draconian Monk)                 Turns: 1527, Time: 00:01:30

Health: 31/31      AC:  5    Str: 13    XL:     3   Next: 62%
Magic:  3/3        EV: 13    Int: 11    God:    Lugonu [***...]
Gold:   108        SH:  0    Dex: 13    Spells: 0 memorised, 2 levels left

rFire  . . .     SeeInvis .     a - +0 hand axe
rCold  + . .     Gourm    .     (armour unavailable)
rNeg   . . .     Faith    .     (no shield)
rPois  +         Spirit   .     (helmet restricted)
rElec  .         Reflect  .     (no cloak)
rCorr  .         Harm     .     (no gloves)
MR     .....                    (no boots)
Stlth  ++........               i - amulet of rage
                                p - ring of protection from cold
                                t - ring of poison resistance

@: no status effects
A: unfitting armour, cold-blooded, AC +5
a: Depart the Abyss, Bend Space, Banish, Renounce Religion, Evoke Berserk Rage


You were on level 2 of the Dungeon.
You worshipped Lugonu.
Lugonu was most pleased with you.
You were not hungry.

You visited 1 branch of the dungeon, and saw 3 of its levels.

You collected 108 gold pieces.

Inventory:

Hand Weapons
 a - a +0 hand axe (weapon)
Jewellery
 i - an amulet of rage (around neck)
 p - a ring of protection from cold (right hand)
 t - a ring of poison resistance (left hand)
Scrolls
 c - 2 scrolls of remove curse {unknown}
 d - 2 scrolls of identify {unknown}
 j - a scroll of fear {unknown}
 l - a scroll of enchant weapon {unknown}
 q - a scroll of noise {unknown}
 r - a scroll of fog {unknown}
Potions
 e - a potion of invisibility
 k - 2 potions of heal wounds {unknown}
 m - 2 potions of agility {unknown}
 n - a potion of curing {unknown}
 s - a potion of magic {unknown}
Comestibles
 b - 3 bread rations
 g - a beef jerky
 h - a royal jelly
 o - a slice of pizza


   Skills:
 - Level 3.2 Fighting
 + Level 4.6 Axes
 - Level 2.6 Dodging
 - Level 1.7 Stealth


You had 2 spell levels left.
You didn't know any spells.

Dungeon Overview and Level Annotations

Branches:
Dungeon (3/15)

Altars:
Cheibriados
Lugonu


Innate Abilities, Weirdness & Mutations

Your plain brown scales are hard. (AC +5)
You cannot fit into any form of body armour.
You are cold-blooded and may be slowed by cold attacks.


Message History

A goblin is nearby!
You swing at nothing.
(D) Dungeon
Where to? (Enter - D:3, ? - help)
Okay, then.
Search for what [? for help]? altar You see here an amulet of rage.
There is a stone staircase leading up here.
You climb upwards.
There is a stone staircase leading down here.
There is an open door here.
There is a faded altar of an unknown god here.
You cannot tell which god this altar belongs to.
Convert to them anyway?
Okay, then.
You cannot tell which god this altar belongs to.
Convert to them anyway?
Lugonu accepts your prayer! Lugonu welcomes you!
You can now depart the Abyss.
You can now bend space around yourself.
You can now banish your foes.
Are you sure you want to abandon this character and quit the game? (Confirm with "yes".)

## .### ...#######
#........#######
########.......###
..### #######.#@#
#...# #...##.##
###.#######.###...##
......##.....#..#..#
#####........#.###.# #
####.....#.###.## #
#....##.#_...## ####
###..'..#...._#
...######..###.#_...##


There were no monsters in sight!

Vanquished Creatures
  An adder (D:2)
  A worm (D:2)
  3 dart slugs
  2 ball pythons
  2 giant cockroaches
  3 goblins (D:2)
  4 hobgoblins
  A jackal (D:1)
  2 kobolds (D:2)
  A quokka (D:2)
  4 bats (D:1)
  3 frilled lizards
  8 rats
35 creatures vanquished.

Notes
Turn   | Place    | Note
-------+----------+-------------------------------------------
     0 | D:1      | Alarkh the Draconian Monk began the quest for the Orb.
     0 | D:1      | Reached XP level 1. HP: 19/19 MP: 1/1
   181 | D:1      | Reached XP level 2. HP: 24/26 MP: 2/2
   341 | D:1      | Reached skill level 4 in Axes
   654 | D:2      | Reached XP level 3. HP: 18/31 MP: 3/3
  1390 | D:2      | Found a faded altar of an unknown god.
  1390 | D:2      | Found a faded altar of an unknown god.
  1397 | D:2      | Found a faded altar of an unknown god.
  1399 | D:2      | Found a snail-covered altar of Cheibriados.
  1401 | D:2      | Found a faded altar of an unknown god.
  1526 | D:2      | Became a worshipper of Lugonu the Unformed
  1526 | D:2      | Reached * piety under Lugonu
  1526 | D:2      | Reached ** piety under Lugonu
  1526 | D:2      | Reached *** piety under Lugonu
  1527 | D:2      | Quit the game

Skill      XL: |  1  2 |
---------------+-------+-----
Axes           | 4 |  4.6
Fighting       | |  3.2
Dodging        | |  2.6
Stealth        | |  1.7

Action                   || total
-------------------------++-------
Melee: Hand axe          ||   104
       Tailslap          ||     8
  Use: Potion            ||     1
 Stab: Sleeping          ||     4
       Invisible         ||     2
  Eat: Chunk             ||     2
Armor: Skin              ||    38
Dodge: Dodged            ||    96
